 Dungeon Crawl Stone Soup version 0.27-a0-1434-g6f15984924 (webtiles) character file.

Game seed: 11179575592550345190

2520 DemonSlayer the Cleaver (level 9, -2/68 HPs)
             Began as a Human Berserker on July 3, 2021.
             Was an Elder of Trog.
             Slain by a two-headed ogre (7 damage)
             ... on level 7 of the Dungeon.
             The game lasted 00:30:07 (10359 turns).

DemonSlayer the Cleaver (Human Berserker)          Turns: 10359, Time: 00:30:07

Health: -2/68      AC: 18    Str: 21    XL:     9   Next: 84%
Magic:  9/9        EV:  8    Int: 10    God:    Trog [****..]
Gold:   142        SH:  0    Dex: 19    Spells: 8/8 levels left

rFire    . . .     SeeInvis .   f - +4 war axe (elec)
rCold    . . .     Faith    .   (no shield)
rNeg     . . .     Spirit   .   p - +1 plate armour
rPois    .         Reflect  .   g - +0 helmet
rElec    .         Harm     .   (no cloak)
rCorr    .         Rampage  .   j - +1 pair of gloves {Str+3}
Will     +....                  h - +0 pair of boots
Stlth    ..........             e - amulet of regeneration
HPRegen  1.21/turn              k - +6 ring of dexterity
MPRegen  0.11/turn              s - ring of willpower

@: about to teleport, flying
A: no striking features
a: Renounce Religion, Berserk, Trog's Hand, Brothers in Arms


You were on level 7 of the Dungeon.
You worshipped Trog.
Trog was greatly pleased with you.
You visited 1 branch of the dungeon, and saw 7 of its levels.
You also visited: Ossuary.

You collected 301 gold pieces.
You spent 159 gold pieces at shops.

Inventory:

Hand Weapons
 f - a +4 war axe of electrocution (weapon)
Missiles
 l - 25 bolts
 n - 6 atropa-tipped darts
Armour
 g - a +0 helmet (worn)
 h - a +0 pair of boots (worn)
 j - a +1 pair of gloves of strength (worn)
 p - a +1 plate armour (worn)
Jewellery
 b - an amulet of reflection
 e - an amulet of regeneration (around neck)
 k - a +6 ring of dexterity (left hand)
 s - a ring of willpower (right hand)
Wands
 u - a wand of polymorph (7)
Scrolls
 a - 2 scrolls of fog
 t - 2 scrolls of amnesia
 w - 3 scrolls of teleportation
Potions
 d - a potion of curing
 i - 3 potions of heal wounds {unknown}
 m - 2 potions of brilliance {unknown}
 q - 2 potions of lignification {unknown}
 v - 2 potions of mutation {unknown}
 x - 2 potions of degeneration {unknown}


   Skills:
 + Level 5.6 Fighting
 + Level 4.5 Long Blades
 + Level 8.6 Axes
 + Level 6.6 Armour
 + Level 3.1 Dodging
 + Level 1.0 Stealth


You had 8 spell levels left.
You didn't know any spells.
Your spell library contained the following spells:

 Spells                   Type           Power      Damage    Failure   Level
 Apportation              Tloc           0%         N/A       100%        1
 Freeze                   Ice            0%         1d3       100%        1
 Ensorcelled Hibernation  Hex/Ice        0%         N/A       100%        2
 Static Discharge         Conj/Air       0%         N/A       100%        2
 Frozen Ramparts          Ice            0%         1d2       100%        3
 Portal Projectile        Hex/Tloc       0%         N/A       100%        3
 Hailstorm                Conj/Ice       0%         3d3       100%        4
 Alistair's Intoxication  Tmut/Pois      0%         N/A       100%        5
 Lightning Bolt           Conj/Air       0%         1d11      100%        5
 Yara's Violent Unravell  Hex/Tmut       0%         3d3       100%        5
 Invisibility             Hex            0%         N/A       100%        6
 Discord                  Hex            0%         N/A       100%        8
 Maxwell's Capacitive Co  Air            0%         ∞         100%        8


Dungeon Overview and Level Annotations

Branches:
Dungeon (7/15)             Temple (0/1) D:7         Ossuary (visited)

Altars:
Okawaru

Shops:
D:1 [   D:6 *   D:7 *[


Message History

A kobold brigand comes into view.
It is wielding a +0 club and quivering poisoned darts.
The kobold brigand shouts!
A kobold comes into view.
It is wielding a +0 dagger and quivering poisoned darts.
The kobold shouts!
You hear a shout! x2
A kobold comes into view. It is wielding a +0 dagger.
A kobold comes into view. It is wielding a +0 club.
Found 11 gold pieces.
The kobold brigand throws a poisoned dart.
The poisoned dart hits you!
You are poisoned.
The howler monkey zombie hits you but does no damage.
The two-headed ogre hits you with a +0 great mace!
The two-headed ogre hits you with a +0 giant spiked club!!
A wyvern skeleton comes into view.
You feel sick.
The kobold brigand throws a poisoned dart.
The poisoned dart hits you!
You are more poisoned.
The two-headed ogre barely misses you.
The two-headed ogre hits you with a +0 giant spiked club!
* * * LOW HITPOINT WARNING * * *
You feel better.
The howler monkey zombie completely misses you.
You feel better. The two-headed ogre barely misses you.
The two-headed ogre hits you with a +0 giant spiked club.
The howler monkey zombie hits you.
You feel more buoyant.
The two-headed ogre hits you with a +0 great mace!
* * * LOW HITPOINT WARNING * * *
The two-headed ogre hits you with a +0 giant spiked club.
* * * LOW HITPOINT WARNING * * *
The wyvern skeleton bites you.
* * * LOW HITPOINT WARNING * * *
The kobold hits you with a +0 dagger.
* * * LOW HITPOINT WARNING * * *
As you read the scroll of teleportation, it crumbles to dust.
You feel strangely unstable.
The wyvern skeleton bites you but does no damage.
The two-headed ogre hits you with a +0 great mace!
You die...

.+#.....,,,,,,,...........*
.......###+###+##...[.....*
.......#.........!.#,,,,,,*
.......#...........#,,,,,,*
.......#...........#,,,,,,*
#.#....#...........#,,,,,.*
..#..†.#...........#,,,...*
###.#..#.........O.##.....*
#...#...........@KK.......*
#.###..........ZK.K.......*
#'###......#...####Z....##*
....#......##..# *.....#
....#......##..#***.....#
....#......#.....,*.....#****
....#......#.,,...*.....$.,,*
....#......#.,>...+.......,,*
....#,,,,,,*,,,,,,*,,,,,,,,,*


You could see a two-headed ogre, a kobold brigand, a howler monkey zombie, 3
kobolds and a wyvern skeleton.

Vanquished Creatures
  Sigmund (D:3)
  2 water moccasins
  Purgy (D:4)
  2 black bears (D:7)
  An orc warrior (D:7)
  2 sky beasts (D:6)
  An ogre (D:5)
  A phantom (D:5)
  5 elf zombies (Ossuary)
  2 scorpions
  A wyvern zombie (D:6)
  A water moccasin zombie (D:5)
  A centaur zombie (Ossuary)
  A hound (D:5)
  A jelly (D:5)
  2 centaur skeletons
  4 orc priests
  A gnoll shaman (D:5)
  2 iguanas (D:5)
  4 orc wizards
  A hound skeleton (D:4)
  2 mummies (Ossuary)
  Robin (D:3)
  4 gnolls (D:5)
  14 adders
  A white imp (D:6)
  2 ufetubi
  An adder zombie (Ossuary)
  A dart slug (D:3)
  23 orcs
  6 bats
  10 endoplasms
  14 giant cockroaches
  15 goblins
  8 hobgoblins
  14 jackals
  3 quokkas
  4 ball pythons
  A goblin zombie (Ossuary)
  7 hobgoblin zombies (Ossuary)
  A jackal zombie (Ossuary)
  5 kobolds
  13 kobold zombies (Ossuary)
  5 orc zombies (Ossuary)
  10 rats
  2 rat zombies (Ossuary)
204 creatures vanquished.

Vanquished Creatures (others)
  5 toadstools (D:1)
5 creatures vanquished.

Grand Total: 209 creatures vanquished

Notes
Turn   | Place    | Note
-------+----------+-------------------------------------------
     0 | D:1      | DemonSlayer the Human Berserker began the quest for the
                  | Orb.
     0 | D:1      | Reached XP level 1. HP: 18/18 MP: 1/1
   201 | D:1      | Found Siadgh's Armour Shop.
   216 | D:1      | Reached XP level 2. HP: 12/24 MP: 2/2
  1116 | D:1      | Reached XP level 3. HP: 26/29 MP: 3/3
  1118 | D:1      | Got the Volume of Beguiling
  1640 | D:2      | Reached ** piety under Trog
  1827 | D:2      | Reached XP level 4. HP: 35/35 MP: 4/4
  2733 | D:2      | Found a faded altar of an unknown god.
  3026 | D:3      | Noticed Sigmund
  3328 | D:3      | Reached XP level 5. HP: 41/41 MP: 5/5
  3876 | D:3      | Noticed Robin
  3880 | D:3      | Reached *** piety under Trog
  3885 | D:3      | Killed Robin
  4455 | D:3      | Reached skill level 1 in Axes
  4455 | D:3      | Reached XP level 6. HP: 33/48 MP: 6/6
  4983 | D:3      | Killed Sigmund
  4984 | D:3      | Reached skill level 2 in Axes
  4986 | D:3      | Reached XP level 7. HP: 54/54 MP: 7/7
  5081 | D:4      | Reached skill level 3 in Axes
  5680 | D:4      | Noticed Purgy
  5681 | D:4      | Found an iron altar of Okawaru.
  5744 | D:4      | Killed Purgy
  5980 | D:5      | Entered Level 5 of the Dungeon
  6161 | D:5      | Reached skill level 4 in Axes
  6321 | D:5      | Reached skill level 1 in Stealth
  6460 | D:5      | Reached XP level 8. HP: 60/60 MP: 8/8
  6535 | D:5      | Reached skill level 5 in Armour
  6729 | D:5      | Reached skill level 5 in Axes
  7348 | D:1      | Bought a +0 pair of gloves of strength for 149 gold pieces
  7787 | D:6      | Reached skill level 6 in Axes
  7822 | D:6      | Found Seebrosy's CLEARANCE SALE! EVERYTHING MUST GO!.
  7831 | D:6      | Bought a scroll of identify for 10 gold pieces
  8051 | D:6      | Reached XP level 9. HP: 57/67 MP: 9/9
  8238 | D:6      | Reached skill level 7 in Axes
  8658 | D:7      | Reached skill level 5 in Fighting
  8661 | D:7      | Found Wamusim's Armour Shoppe.
  8712 | D:7      | Found a staircase to the Ecumenical Temple.
  8737 | D:7      | Reached **** piety under Trog
  8788 | D:7      | Found Mavvy's Mayhem Merchandise.
  8789 | D:7      | Found a sand-covered staircase.
  8802 | Ossuary  | Entered an ossuary
  9569 | Ossuary  | Reached skill level 8 in Axes
 10344 | D:7      | Noticed a two-headed ogre
 10359 | D:7      | Slain by a two-headed ogre

Illustrated notes

Levels and vault maps discovered:
D:1:      ldierk_walled_garden, layout_basic, serial_shops, shop,
          minmay_tromino_mix6
D:2:      minmay_roachtagon, layout_basic,
          shapermc_ecumenical_altar_mp_highgroup
D:3:      layout_loops_ring, uniq_robin, uniq_sigmund
D:4:      layout_rooms, old_standard_altar, uniq_purgy
D:5:      layout_loops_cross
D:6:      layout_loops_ring, nicolae_shop_clearance
D:7:      layout_basic, minmay_temple_entry_offerings,
          nicolae_ossuary_entry_monument, serial_shops, nicolae_shop_trees,
          minmay_shop_mayhem

Skill      XL: |  1  2  3  4  5  6  7  8  9 |
---------------+----------------------------+-----
Long Blades    | 4 |  4.5
Armour         | 3 4 5 6 |  6.6
Axes           | 1 2 4 6 8 |  8.6
Fighting       | 4 5 |  5.6
Stealth        | 1 |  1.0
Dodging        | 3 |  3.1

Action                   |  1- 3 |  4- 6 |  7- 9 || total
-------------------------+-------+-------+-------++-------
Melee: Falchion          |    89 |    45 |       ||   134
       War axe           |       |    76 |   273 ||   349
Invok: Berserk           |     5 |     5 |    14 ||    24
  Use: Scroll            |     4 |     4 |    15 ||    23
       Potion            |       |       |     5 ||     5
Armor: Animal skin       |    24 |       |       ||    24
       Chain mail        |    65 |    98 |   191 ||   354
       Plate armour      |       |       |    17 ||    17
Dodge: Dodged            |    72 |    58 |   136 ||   266
       Rpst.: Falchion   |    19 |    12 |       ||    31

Table legend: (Time is in decaauts)
 A = Elapsed time spent in this place.
 B = Non-inter-level travel time spent in this place.
 C = Inter-level travel time spent in this place.
 D = Time resting spent in this place.
 E = Time spent auto-exploring this place.
 F = Levels seen in this place.
 G = Mean time per level.
                   A        B        C        D        E       F      G
               +--------+--------+--------+--------+--------+-----+--------+
         Total |  10702 |  10051 |    651 |   4218 |   3754 |   8 | 1337.8 |
       Dungeon |   9555 |   8904 |    651 |   3628 |   3666 |   7 | 1365.0 |
       Ossuary |   1146 |   1146 |      0 |    590 |     88 |   1 | 1146.0 |
               +--------+--------+--------+--------+--------+-----+--------+

Top non-repeatable levels by time:
     D:3: 1943 daAuts
     D:2: 1745 daAuts
     D:1: 1652 daAuts
     D:5: 1444 daAuts
 Ossuary: 1146 daAuts
     D:6: 1105 daAuts
     D:4: 1002 daAuts
     D:7: 662 daAuts
